 Dungeon Crawl Stone Soup version 0.19-a0-1682-g5114f93 (webtiles) character file.

4 MistressOfTheDunes the Skirmisher (level 1, 0/18 HPs)
             Began as a Mummy Monk on Sept 24, 2016.
             Slain by a jackal (2 damage)
             ... on level 1 of the Dungeon.
             The game lasted 00:00:34 (53 turns).

MistressOfTheDunes the Skirmisher (Mummy Monk)        Turns: 53, Time: 00:00:35

Health: 0/18       AC:  1    Str: 14    XL:     1   Next: 50%
Magic:  1/1        EV: 13    Int:  9    God:
Gold:   16         SH:  0    Dex: 14    Spells: 0 memorised, 0 levels left

rFire  x . .     SeeInvis .       - Unarmed
rCold  + . .     Gourm    .     (no armour)
rNeg   + + +     Faith    .     (no shield)
rPois  ∞         Spirit   .     (no helmet)
rElec  .         Dismiss  .     (no cloak)
rCorr  .         Reflect  .     (no gloves)
MR     .....     Harm     .     (no boots)
Stlth  ++........               (no amulet)
                                (no ring)
                                (no ring)

@: no status effects
A: no food or potions, fire vulnerability, cold resistance 1, negative energy
resistance 3, torment resistance, unbreathing
a: no special abilities


You were on level 1 of the Dungeon.
You were not hungry.

You visited 1 branch of the dungeon, and saw 1 of its levels.

You collected 16 gold pieces.


Innate Abilities, Weirdness & Mutations

You do not eat or drink.
Your flesh is vulnerable to fire.
You are immune to poison.
Your flesh is cold resistant. (rC+)
You are immune to negative energy. (rN+++)
You are immune to unholy pain and torment.
You can survive without breathing.


   Skills:
 - Level 3.0 Fighting
 - Level 2.4 Dodging
 - Level 1.5 Stealth
 + Level 2.7 Unarmed Combat


You couldn't memorise any spells.
You didn't know any spells.

Inventory:

Scrolls
 a - a scroll of noise {unknown}

Dungeon Overview and Level Annotations

Branches:
Dungeon (1/15)

Altars:

..............▒
...............▒
............[..▒
▒.......................▒
▒.....................(.▒
▒...........?...>.......▒
▒>...?.........)†h.....▒▒
...............M.......▒
▒..... ....▒..........▒
▒▒▒▒..▒▒▒▒ ▒..........▒
▒...<...▒▒ ▒...>......▒
.........▒▒ ▒..........▒
.▒▒▒▒▒▒▒..▒ ▒▒........▒▒
.▒.†.†.▒..▒ ▒▒......▒▒
.▒†≈≈≈.▒..▒▒ ▒.....▒▒▒
.▒.≈X≈†▒...▒▒▒▒.....▒


You could see a jackal.


Message History

The jackal is severely wounded!
The jackal closely misses you! The jackal bites you! * * * don't die
* * * The jackal barely misses you!
You beat the jackal but do no damage!
The jackal is severely wounded!
The jackal closely misses you! x2
The jackal bites you but does no damage!
You pummel the jackal but do no damage!
The jackal is severely wounded!
The jackal bites you! * * * don't die
* * * The jackal misses you!
You pummel the jackal like a punching bag!
You annihilate the jackal!!!
The jackal barely misses you!
You pummel the jackal but do no damage!
The jackal bites you but does no damage!
The jackal misses you!
You barely miss the jackal! The jackal closely misses you!
You squash the jackal like an ant!
The jackal is almost dead!
The jackal closely misses you! x2
You barely miss the jackal!
The jackal is almost dead!
The jackal misses you!
You barely miss the jackal!
The jackal is almost dead!
The jackal bites you! rip

Action                   || total
-------------------------++-------
Melee: Unarmed           ||    22
Armor: Skin              ||     4
Dodge: Dodged            ||    31

Vault maps used:
D:1:      nicolae_arrival_kraken_aquarium_a, minmay_unequal

Notes
Turn   | Place    | Note
-------+----------+-------------------------------------------
     0 | D:1      | MistressOfTheDunes the Mummy Monk began the quest for the Orb.
     0 | D:1      | Reached XP level 1. HP: 18/18 MP: 1/1
     0 | D:1      | Noticed a centaur
     0 | D:1      | Noticed a naga
     0 | D:1      | Noticed a spriggan
     0 | D:1      | Noticed a kraken
     0 | D:1      | Noticed a formicid
     0 | D:1      | Noticed a vine stalker
     0 | D:1      | Noticed a dwarf
     0 | D:1      | Noticed an elf
     0 | D:1      | Noticed a draconian
     0 | D:1      | Noticed a vine stalker
     6 | D:1      | Killed a naga
     6 | D:1      | Killed a spriggan
     7 | D:1      | Killed a centaur
     7 | D:1      | Killed a formicid
     8 | D:1      | Killed a vine stalker
    10 | D:1      | Killed a vine stalker
    11 | D:1      | Killed a dwarf
    13 | D:1      | Killed an elf
    14 | D:1      | Killed a draconian
    47 | D:1      | HP: 1/18 [jackal (2)]
    53 | D:1      | Slain by a jackal

Vanquished Creatures
  A giant cockroach (D:1)
  A hobgoblin (D:1)
  A jackal (D:1)
3 creatures vanquished.

Vanquished Creatures (others)
  A draconian (D:1)
  2 vine stalkers (D:1)
  An elf (D:1)
  A formicid (D:1)
  A spriggan (D:1)
  A naga (D:1)
  A dwarf (D:1)
  A centaur (D:1)
  A mummy (D:1)
  2 kobolds (D:1)
  4 tentacles (D:1)
16 creatures vanquished.

Grand Total: 19 creatures vanquished
